 Dungeon Crawl Stone Soup version 0.30-a0-4-ga7cffc901d (webtiles) character file.

Game seed: 18304766378554431443

420 Setbun the Sneak (level 7, 0/40 HPs)
             Began as a Kobold Enchanter on Aug 20, 2022.
             Slain by a human zombie (3 damage)
             ... in an ossuary.
             The game lasted 00:04:51 (3903 turns).

Setbun the Sneak (Kobold Enchanter)                 Turns: 3903, Time: 00:04:52

Health: 0/40       AC:  3    Str:  6    XL:     7   Next: 16%
Magic:  12/12      EV: 16    Int: 16    God:
Gold:   159        SH:  0    Dex: 17    Spells: 10/12 levels left

rFire   + . .      SeeInvis .    a - +1 dagger
rCold   + . .      Faith    .    (no shield)
rNeg    . . .      Spirit   .    b - +0 robe
rPois   +          Reflect  .    m - +0 helmet
rElec   +          Harm     .    (no cloak)
rCorr   +          Rampage  .    (no gloves)
Will    .....                    (no boots)
Stlth   ++++......               (no amulet)
HPRegen 0.13/turn                (no ring)
MPRegen 0.13/turn                (no ring)

@: resistant
A: small, no large weapons, nightstalker 3
a: no special abilities


You were in an ossuary.
You visited 1 branch of the dungeon, and saw 4 of its levels.
You also visited: Ossuary.

You collected 159 gold pieces.

Inventory:

Hand Weapons
 a - a +1 dagger (weapon)
Armour
 b - a +0 robe (worn)
 m - a +0 helmet (worn)
 s - a +0 cloak
Wands
 p - a wand of roots (9)
Scrolls
 e - a scroll of noise
 g - 3 scrolls of identify
 h - 2 scrolls of butterflies
 j - a scroll of magic mapping
 l - a scroll of fear {unknown}
 n - a scroll of vulnerability {unknown}
Potions
 c - 2 potions of invisibility
 f - a potion of magic {unknown}
 k - a potion of cancellation {unknown}
 o - a potion of flight {unknown}
 q - a potion of curing {unknown}
 r - a potion of berserk rage {unknown}


   Skills:
 + Level 2.8 Fighting
 + Level 3.9 Short Blades
 + Level 3.9 Dodging
 + Level 5.7 Stealth
 + Level 3.4 Spellcasting
 + Level 4.1 Hexes


You had 10 spell levels left.
You knew the following spells:

 Your Spells              Type           Power      Damage    Failure   Level
a - Ensorcelled Hibernat  Hex/Ice        18%        N/A       12%         2

Your spell library contained the following spells:

 Spells                   Type           Power      Damage    Failure   Level
 Confusing Touch          Hex            16%        N/A       10%         3
 Tukima's Dance           Hex            16%        N/A       10%         3
 Magic Dart               Conj           8%         1d3       19%         1
 Dazzling Flash           Conj/Hex       18%        N/A       22%         3
 Inner Flame              Hex/Fire       9%         N/A       22%         3
 Call Imp                 Summ           2%         N/A       26%         2
 Scorch                   Fire           4%         2d5       26%         2
 Static Discharge         Conj/Air       2%         3-4/arc   26%         2
 Cause Fear               Hex            8%         N/A       32%         4
 Mephitic Cloud           Conj/Pois/Air  2%         N/A       47%         3
 Dispel Undead            Necr           2%         3d7       87%         4
 Flame Wave               Conj/Fire      2%         2d4       87%         4
 Sticky Flame             Conj/Fire      2%         2d3       87%         4
 Summon Cactus Giant      Summ           1%         N/A       100%        6
 Discord                  Hex            8%         N/A       100%        8


Dungeon Overview and Level Annotations

Branches:
Dungeon (4/15)            Ossuary (1/1)
 Temple: D:4-7

Altars:
Okawaru

Shops:
D:3 [


Innate Abilities, Weirdness & Mutations

You are small and have problems with some larger weapons.
You are completely attuned to the shadows.


Message History

The human zombie is lightly damaged.
The human zombie hits you.
* * * LOW HITPOINT WARNING * * *
You hit the human zombie.
The human zombie is moderately damaged.
You hit the human zombie.
The human zombie is moderately damaged.
The human zombie closely misses you.
You completely miss the human zombie.
The human zombie is moderately damaged.
You hit the human zombie.
The human zombie is moderately damaged.
The human zombie barely misses you.
You barely miss the human zombie.
The human zombie is moderately damaged.
The human zombie barely misses you.
You barely miss the human zombie.
The human zombie is moderately damaged.
You hit the human zombie.
The human zombie is moderately damaged.
The human zombie misses you.
You hit the human zombie.
The human zombie is heavily damaged.
The human zombie barely misses you.
You hit the human zombie but do no damage.
The human zombie is heavily damaged.
You hit the human zombie but do no damage.
The human zombie is heavily damaged.
The human zombie hits you.
* * * LOW HITPOINT WARNING * * *
You hit the human zombie.
The human zombie is heavily damaged.
You hit the human zombie.
The human zombie is heavily damaged.
The human zombie hits you.
* * * LOW HITPOINT WARNING * * *
It was a potion of resistance.
You feel protected. The human zombie hits you.
You die...

#..# #..##
#...####
#......#
#.......
#.......
#......#####
#...####...#
#..##.@Z...#
#..'..####.#
#..##.# #.Z...
#...#### +....#
#......########
#.............
#........∩..∩.
##############


You could see a human zombie.

Vanquished Creatures
  Sigmund (D:3)
  A centaur zombie (Ossuary)
  Crazy Yiuf (D:3)
  A human zombie (Ossuary)
  Jessica (D:3)
  Terence (D:3)
  A mummy (D:4)
  A hound zombie (Ossuary)
  2 adder zombies (Ossuary)
  3 orcs (D:3)
  A bat (D:1)
  4 endoplasms
  2 giant cockroaches
  4 goblins (D:1)
  9 hobgoblins
  7 jackals
  3 quokkas
  7 ball pythons
  4 frilled lizards
  2 goblin zombies (Ossuary)
  A hobgoblin zombie (Ossuary)
  A jackal zombie (Ossuary)
  3 kobolds
  2 kobold zombies (Ossuary)
  A quokka zombie (Ossuary)
  7 rats
  2 rat zombies (Ossuary)
73 creatures vanquished.

Vanquished Creatures (others)
  8 plants (D:4)
8 creatures vanquished.

Grand Total: 81 creatures vanquished

Notes
Turn   | Place    | Note
-------+----------+-------------------------------------------
     0 | D:1      | Setbun the Kobold Enchanter began the quest for the Orb.
     0 | D:1      | Reached XP level 1. HP: 10/10 MP: 3/3
    85 | D:1      | Reached XP level 2. HP: 16/16 MP: 5/5
   400 | D:1      | Learned a level 2 spell: Ensorcelled Hibernation
   450 | D:1      | Reached XP level 3. HP: 20/20 MP: 6/6
   540 | D:1      | Reached skill level 1 in Fighting
  2177 | D:2      | Reached XP level 4. HP: 25/25 MP: 7/7
  2448 | D:3      | Noticed Terence
  2452 | D:3      | Killed Terence
  2521 | D:3      | Noticed Jessica
  2525 | D:3      | Killed Jessica
  2526 | D:3      | Reached XP level 5. HP: 30/30 MP: 7/9
  2581 | D:3      | Noticed Sigmund
  2588 | D:3      | Killed Sigmund
  2589 | D:3      | Reached skill level 5 in Stealth
  2589 | D:3      | Reached XP level 6. HP: 30/36 MP: 10/10
  2892 | D:3      | Found Keami's Armour Emporium.
  3330 | D:3      | Identified the +2 hammer of Lyrch {flame, rN+ MP+9 Str+4
                  | Int+4}
  3331 | D:3      | Found a runed translucent door.
  3334 | D:3      | Noticed Crazy Yiuf
  3339 | D:3      | Killed Crazy Yiuf
  3471 | D:4      | Found an iron altar of Okawaru.
  3548 | D:4      | Found a sand-covered staircase.
  3555 | Ossuary  | Entered an ossuary
  3585 | Ossuary  | Reached XP level 7. HP: 27/40 MP: 11/11
  3903 | Ossuary  | Slain by a human zombie

Illustrated notes

Levels and vault maps discovered:
D:1:      heliophobic_arrival_enchanted_forest, layout_loops_ring, hex_large
D:2:      layout_basic
D:3:      layout_loops_ring, serial_shops, nicolae_shop_behind_doors,
          uniq_sigmund, uniq_terence, uniq_jessica, uniq_crazy_yiuf_cottage
D:4:      layout_cave_pods, okawaru_gym_becter, serial_shops,
          nicolae_shop_crystal, shop, nicolae_lakefront_shop,
          kennysheep_little_box, ebering_ghost_sewer_f,
          gup_ossuary_entry_pyramid, corexii_hall_statues_i, kennysheep_boxes,
          uniq_eustachio, uniq_natasha
Ossuary:  minmay_ossuary_two_tombs

Skill      XL: |  1  2  3  4  5  6 |
---------------+-------------------+-----
Short Blades   | 2 3 |  3.9
Fighting       | 1 2 |  2.8
Dodging        | 3 |  3.9
Stealth        | 5 |  5.7
Spellcasting   | 3 |  3.4
Hexes          | 4 |  4.1

Action                   |  1- 3 |  4- 6 |  7- 9 || total
-------------------------+-------+-------+-------++-------
Melee: Dagger            |   110 |    56 |    76 ||   242
       Punch             |       |       |     3 ||     3
 Cast: Ensorcelled Hiber |     3 |     6 |       ||     9
  Use: Scroll            |       |     4 |       ||     4
       Potion            |       |       |     1 ||     1
 Stab: Sleeping          |    19 |    16 |     3 ||    38
       Distracted        |     2 |       |       ||     2
Armor: Robe              |    15 |     7 |    17 ||    39
Dodge: Dodged            |    84 |    31 |    54 ||   169

Table legend: (Time is in decaauts)
 A = Elapsed time spent in this place.
 B = Non-inter-level travel time spent in this place.
 C = Inter-level travel time spent in this place.
 D = Time resting spent in this place.
 E = Time spent auto-exploring this place.
 F = Levels seen in this place.
 G = Mean time per level.
                   A        B        C        D        E       F      G
               +--------+--------+--------+--------+--------+-----+--------+
         Total |   3869 |   3723 |    146 |    685 |   2442 |   5 |  773.8 |
       Dungeon |   3538 |   3392 |    146 |    490 |   2425 |   4 |  884.5 |
       Ossuary |    330 |    330 |      0 |    195 |     17 |   1 |  330.0 |
               +--------+--------+--------+--------+--------+-----+--------+

Top non-repeatable levels by time:
     D:1: 1369 daAuts
     D:2: 1068 daAuts
     D:3: 1014 daAuts
 Ossuary: 330 daAuts
     D:4: 86 daAuts
